 Dungeon Sprint DCSS version 0.31-a0-844-gdc52ec4e09 (webtiles) character file.

Game seed: 9868112320369827631

2588 garrulousMonolith the Fencer (level 9, -9/63 HPs)
             Began as a Demonspawn Fighter on Sept 28, 2023.
             Was a Priest of Yredelemnul.
             Mangled by an orange demon (11 damage)
             ... in the Dungeon (Sprint VII: "The Pits").
             The game lasted 00:04:07 (1087 turns).

garrulousMonolith the Fencer (Demonspawn Fighter)   Turns: 1087, Time: 00:04:08

Health: -9/63      AC: 19    Str: 19    XL:     9   Next: 32%
Magic:  9/9        EV:  7    Int: 11    God:    Yredelemnul [***...]
Gold:   0          SH:  4    Dex: 13    Spells: 8/8 levels left

rFire   . . .        q - +2 long sword (flame)
rCold   . . .        c - +0 buckler
rNeg    . . .        w - +4 chain mail
rPois   .            v - +0 helmet
rElec   +            u - +0 cloak
rCorr   .            (no gloves)
SInv    .            (no boots)
Will    .....        (no amulet) Stlth
                     (no ring)
HPRegen 0.30/turn    (no ring)
MPRegen 0.11/turn

%: no teleportation
@: no status effects
A: thin metallic scales 3, demonic touch 2
a: Renounce Religion, Recall Undead Harvest, Dark Bargain


You were in the Dungeon.
You worshipped Yredelemnul.
Yredelemnul was noncommittal.
You visited 1 branch

Inventory:

Hand Weapons
 a - a +0 long sword
 k - a +2 falchion
 q - a +2 long sword of flaming (weapon)
 r - a +1 dagger of electrocution
 x - a +2 halberd of venom
Armour
 b - a +0 scale mail
 c - a +0 buckler (worn)
 p - a +2 plate armour
 u - a +0 cloak (worn)
 v - a +0 helmet (worn)
 w - a +4 chain mail (worn)
Jewellery
 d - a +3 ring of dexterity
 s - a +3 ring of strength
Scrolls
 j - a scroll of blinking
 m - 2 scrolls of vulnerability
 n - 5 scrolls of amnesia
 o - a scroll of summoning
Potions
 e - 5 potions of curing
 g - 2 potions of haste
 h - 4 potions of magic
 i - 6 potions of berserk rage
 l - a potion of invisibility
 t - a potion of mutation


   Skills:
 - Level 3.0 Fighting
 + Level 19.3 Long Blades
 - Level 2.6 Armour
 - Level 2.6 Shields


You had 8 spell levels left.
You didn't know any spells.
Your spell library was empty.

Dungeon Overview and Level Annotations

Branches:
Dungeon (1/1)

Altars:
Ashenzari
Cheibriados
Dithmenos
Fedhas
Gozag
Hepliaklqana
Kikubaaqudgha
Makhleb
Nemelex Xobeh
Okawaru
Qazlal
Ru
Sif Muna
Trog
Uskayaw
Vehumet
Wu Jian
Xom
Yredelemnul
Jiyva
Lugonu


Innate Abilities, Weirdness & Mutations

You are completely covered in thin metallic scales. (AC +4, rElec)
Your touch may inflict irresistible damage on your foes.


Message History

Your cyclops zombie barely misses the deep troll.
Okay, then.
You closely miss the deep troll.
The deep troll is heavily wounded.
The deep troll barely misses you. The deep troll claws you!
The deep troll claws you but does no damage.
The orange demon stings you from afar!
You barely miss the deep troll.
The deep troll is heavily wounded.
Your spriggan zombie hits the deep troll but does no damage.
You closely miss the deep troll.
The deep troll is heavily wounded.
The deep troll bites you.
* * * LOW HITPOINT WARNING * * *
The deep troll barely misses you.
The deep troll claws you but does no damage.
The orange demon stings you but does no damage.
Your cyclops zombie completely misses the deep troll.
You feel much better.
Your spriggan zombie barely misses the deep troll.
The orange demon barely misses you. The deep troll bites you!!
* * * LOW HITPOINT WARNING * * *
The deep troll claws you but does no damage.
The deep troll claws you.
* * * LOW HITPOINT WARNING * * *
You aren't carrying any items that you can evoke.
You feel better. The deep troll bites you!
* * * LOW HITPOINT WARNING * * *
You block the deep troll's attack. x2; The orange demon stings you from afar.
* * * LOW HITPOINT WARNING * * *
Your spriggan zombie hits the deep troll but does no damage.
Your cyclops zombie hits the deep troll!
You hit the deep troll. You burn the deep troll.
The deep troll is almost dead.
The deep troll closely misses you. The deep troll claws you.
* * * LOW HITPOINT WARNING * * *
The deep troll claws you but does no damage.
The orange demon stings you from afar!
You die...
Your body rises from the dead as a mindless zombie.

##.......##...##
##...<...###.Z.##+##.
##.......# ##........
##.......###..###+###
##.......##..##.....##
##########..+.......+
###########..##..Z..# .#
....#....###..###Z###...#
.Z..#ZZ.[# ##...@ZZ....#
)...ZZ.).# #...##T##..##
....#ZZ))##...##..4# ..#
....#..))##..###...# ..+
############# ##### ##


You could see a deep troll (ally target), an orange demon (ally target), a
friendly elephant zombie, a friendly steam dragon zombie, a friendly spriggan
zombie and a friendly cyclops zombie.

Vanquished Creatures
  A cyclops (D)
  A kobold demonologist (D)
  A troll (D)
  A tyrant leech (D)
  A flying skull (D)
  Sigmund (D)
  A floating eye (D)
  An orc warrior (D)
  A hound (D)
  2 orc wizards (D)
  A hell rat (D)
  3 adders (D)
  A white imp (D)
  3 ufetubi (D)
  3 orcs (D)
  A hobgoblin (D)
  2 jackals (D)
  A kobold (D)
  2 quokkas (D)
28 creatures vanquished.

Vanquished Creatures (collateral kills)
  An elephant (D)
  A jumping spider (D)
  A spriggan (D)
  A steam dragon (D)
  Terence (D)
  An endoplasm (D)
  A hobgoblin (D)
  4 jackals (D)
  A kobold (D)
12 creatures vanquished.

Vanquished Creatures (others)
  A jumping spider zombie (D)
  A hound zombie (D)
  A hell rat zombie (D)
  3 orc zombies (D)
  An adder zombie (D)
  A human zombie (D)
  An endoplasm zombie (D)
  A hobgoblin zombie (D)
  4 jackal zombies (D)
  A kobold zombie (D)
  A spectral ufetubus (D)
16 creatures vanquished.

Grand Total: 56 creatures vanquished

Notes
Turn   | Place    | Note
-------+----------+-------------------------------------------
     0 | D        | garrulousMonolith the Demonspawn Fighter began the quest
                  | for the Orb.
     0 | D        | Reached XP level 1. HP: 18/18 MP: 1/1
    13 | D        | Reached skill level 2 in Long Blades
    46 | D        | Found a bloodstained altar of Trog.
    46 | D        | Found a shimmering blue altar of Sif Muna.
    46 | D        | Found a viscous altar of Jiyva.
    46 | D        | Found a hazy altar of Hepliaklqana.
    46 | D        | Found an opulent altar of Gozag.
    47 | D        | Found a basalt altar of Yredelemnul.
    47 | D        | Found a shimmering altar of Xom.
    47 | D        | Found an ornate altar of the Wu Jian Council.
    47 | D        | Found a sacrificial altar of Ru.
    47 | D        | Found a stormy altar of Qazlal.
    47 | D        | Found an iron altar of Okawaru.
    47 | D        | Found a sparkling altar of Nemelex Xobeh.
    47 | D        | Found a burning altar of Makhleb.
    47 | D        | Found a blossoming altar of Fedhas.
    47 | D        | Found a shadowy altar of Dithmenos.
    47 | D        | Found a snail-covered altar of Cheibriados.
    48 | D        | Found a radiant altar of Vehumet.
    48 | D        | Found a corrupted altar of Lugonu.
    49 | D        | Found a hide-covered altar of Uskayaw.
    49 | D        | Found an ancient bone altar of Kikubaaqudgha.
    49 | D        | Found a broken altar of Ashenzari.
    53 | D        | Became a worshipper of Yredelemnul the Dark
    66 | D        | Reached skill level 3 in Long Blades
    68 | D        | Reached skill level 4 in Long Blades
    68 | D        | Gained mutation: You are partially covered in thin metallic
                  | scales. (AC +2) [demonic ancestry]
    68 | D        | Reached XP level 2. HP: 14/24 MP: 2/2
   134 | D        | Reached skill level 5 in Long Blades
   137 | D        | Noticed a floating eye
   140 | D        | Paralysed by a floating eye for 4 turns
   146 | D        | Reached XP level 3. HP: 16/29 MP: 3/3
   148 | D        | Killed a floating eye
   149 | D        | Reached skill level 9 in Long Blades
   149 | D        | Reached XP level 4. HP: 21/35 MP: 4/4
   155 | D        | Gained mutation: Your touch may inflict minor irresistible
                  | damage on your foes. [demonic ancestry]
   155 | D        | Reached XP level 5. HP: 18/41 MP: 5/5
   322 | D        | Noticed a flying skull
   323 | D        | Noticed Sigmund
   329 | D        | Killed a flying skull
   330 | D        | Reached skill level 12 in Long Blades
   330 | D        | Gained mutation: Your touch may inflict irresistible damage
                  | on your foes. [demonic ancestry]
   330 | D        | Reached XP level 6. HP: 42/47 MP: 6/6
   336 | D        | Killed Sigmund
   337 | D        | Reached skill level 13 in Long Blades
   349 | D        | Noticed an orc warrior
   352 | D        | Killed an orc warrior
   353 | D        | Reached skill level 14 in Long Blades
   353 | D        | Gained mutation: You are mostly covered in thin metallic
                  | scales. (AC +3) [demonic ancestry]
   353 | D        | Reached XP level 7. HP: 46/52 MP: 7/7
   355 | D        | Noticed a cyclops
   366 | D        | Killed a cyclops
   366 | D        | Reached * piety under Yredelemnul
   367 | D        | Reached skill level 15 in Long Blades
   417 | D        | Noticed Terence
   427 | D        | Reached ** piety under Yredelemnul
   428 | D        | Killed Terence
   429 | D        | Noticed a spriggan
   438 | D        | Gained mutation: You are completely covered in thin
                  | metallic scales. (AC +4, rElec) [demonic ancestry]
   438 | D        | Reached XP level 8. HP: 58/58 MP: 8/8
   439 | D        | Reached *** piety under Yredelemnul
   439 | D        | Reached skill level 16 in Long Blades
   772 | D        | Noticed a troll
   777 | D        | Noticed a tyrant leech
   783 | D        | Your ally Terence died
   792 | D        | Killed a troll
   793 | D        | Reached skill level 17 in Long Blades
   844 | D        | Killed a tyrant leech
   849 | D        | Noticed a jumping spider
   858 | D        | Killed a jumping spider
   918 | D        | Noticed an elephant
   935 | D        | Killed an elephant
   936 | D        | Reached skill level 18 in Long Blades
   936 | D        | Reached XP level 9. HP: 63/63 MP: 9/9
   939 | D        | Noticed a kobold demonologist
   941 | D        | Noticed an ice devil
   948 | D        | Noticed a sun demon
   959 | D        | Killed a kobold demonologist
   960 | D        | Reached skill level 19 in Long Blades
  1072 | D        | Noticed a deep troll
  1072 | D        | Noticed an orange demon
  1087 | D        | HP: 2/63 [deep troll (6)]
  1087 | D        | Mangled by an orange demon

Illustrated notes

Levels and vault maps discovered:
D:        pitsprint [storerooms_1, entrance_room_1, metal_vault_5, armoury_2,
          mini_pit_1, grid_room_1, main_hall_1, silver_pit, the_coven_2,
          the_vestibule_1, steel_vault_1, golden_pit, hallway_of_sentries,
          crystal_vault_1, iron_vault_1, final_vault]

Skill      XL: |  1  2  3  4  5  6  7  8  9 |
---------------+----------------------------+-----
Long Blades    | 4 5 9 12 14 15 18 19 | 19.3
Fighting       | |  3.0
Armour         | |  2.6
Shields        | |  2.6

Action                     |  1- 3 |  4- 6 |  7- 9 || total
---------------------------+-------+-------+-------++-------
  Melee: Falchion          |    30 |    10 |       ||    40
         Long sword        |     2 |    14 |    93 ||   109
 Invoke: Recall Undead Har |       |       |     1 ||     1
    Use: Potion            |       |     1 |    14 ||    15
   Stab: Distracted        |       |       |     2 ||     2
         Invisible         |       |       |     3 ||     3
 Armour: Scale mail        |    61 |     8 |       ||    69
         Plate armour      |       |    13 |     9 ||    22
         Chain mail        |       |       |    92 ||    92
  Dodge: Dodged            |    22 |     6 |    48 ||    76
  Block: Buckler           |    19 |     8 |    15 ||    42

Table legend: (Time is in decaauts)
 A = Elapsed time spent in this place.
 B = Non-inter-level travel time spent in this place.
 C = Inter-level travel time spent in this place.
 D = Time resting spent in this place.
 E = Time spent auto-exploring this place.
 F = Levels seen in this place.
 G = Mean time per level.
                   A        B        C        D        E       F      G
               +--------+--------+--------+--------+--------+-----+--------+
         Total |   1064 |   1064 |      0 |    556 |      0 |   1 | 1064.0 |
       Dungeon |   1064 |   1064 |      0 |    556 |      0 |   1 | 1064.0 |
               +--------+--------+--------+--------+--------+-----+--------+

Top non-repeatable levels by time:
       D: 1064 daAuts
